[Event "ICC tourney 2626 (40 10)"]
[Site "Internet Chess Club"]
[Date "2021.07.10"]
[Round "1"]
[White "ZHANG, MULAN JIEMIN:Mulan2009"]
[Black "MARKOVIC, GORAN:Goran21"]
[Result "1-0"]
[ICCResult "Black resigns"]
[WhiteElo "1627"]
[BlackElo "1980"]
[Opening "Sicilian: Najdorf"]
[ECO "B90"]
[NIC "SI.14"]
[Time "11:02:19"]
[TimeControl "2400+10"]

1. e4 c5 2. Nf3 d6 3. d4 cxd4 4. Nxd4 Nf6 5. Nc3 a6 6. f3 e5 7. Nb3 Be7 8.
Be3 Be6 9. Qd2 O-O 10. O-O-O Nc6 11. Nd5 Bxd5 12. exd5 Nb8 13. g4 a5 14. a4
Nfd7 15. g5 Na6 16. h4 Nb6 17. Bb5 Nb4 18. Bxb6 Qxb6 19. c4 Rfc8 20. Rhe1
Qd8 21. f4 exf4 22. Qxf4 Rc7 23. Kb1 b6 24. Re4 Qf8 25. Qe3 Rb7 26. Nd4 g6
27. Nc6 Bxg5 28. hxg5 h6 29. Nxb4 axb4 30. Bc6 {Black resigns} 1-0

[Event "ICC tourney 2626 (40 10)"]
[Site "Internet Chess Club"]
[Date "2021.07.10"]
[Round "1"]
[White "Gagliano, Ethan A:Percy101"]
[Black "CHENG, MICHAEL NY:ningyuan131"]
[Result "0-1"]
[ICCResult "White resigns"]
[WhiteElo "1823"]
[BlackElo "2069"]
[Opening "Caro-Kann: advance variation"]
[ECO "B12"]
[NIC "CK.04"]
[Time "11:02:21"]
[TimeControl "2400+10"]

1. e4 c6 2. d4 d5 3. e5 Bf5 4. Nf3 e6 5. Be2 c5 6. c4 dxc4 7. Bxc4 Ne7 8.
Nc3 cxd4 9. Nb5 Nec6 10. Nbxd4 Bb4+ 11. Kf1 Nxd4 12. Nxd4 Nc6 13. Be3 Nxd4
14. Qxd4 O-O 15. Qxd8 Rfxd8 16. Ke2 Rac8 17. Rac1 Rxc4 18. Rxc4 Bd3+ 19. Kf3
Bxc4 20. a3 Ba5 21. Bxa7 h6 22. Be3 Bc7 {White resigns} 0-1

[Event "ICC tourney 2626 (40 10)"]
[Site "Internet Chess Club"]
[Date "2021.07.10"]
[Round "1"]
[White "LANE, THOMAS COE:tclaneva"]
[Black "CAO, TIMOTHY:tcao"]
[Result "1-0"]
[ICCResult "Black resigns"]
[WhiteElo "1790"]
[BlackElo "2065"]
[Opening "French: Steinitz, Boleslavsky variation"]
[ECO "C11"]
[NIC "FR.04"]
[Time "11:02:16"]
[TimeControl "2400+10"]

1. e4 e6 2. d4 d5 3. Nc3 Nf6 4. e5 Nfd7 5. f4 c5 6. Nf3 Nc6 7. Be3 Qb6 8.
Qd2 Qxb2 9. Rb1 Qa3 10. f5 cxd4 11. Nxd4 Bb4 12. Rb3 Qa5 13. fxe6 Ndxe5 14.
exf7+ Nxf7 15. Nxc6 bxc6 16. Qd4 c5 17. Qxg7 d4 18. Rxb4 cxb4 19. Bb5+ Bd7
20. Bxd7+ Kxd7 21. Qxf7+ Kc8 22. Qe6+ {Black resigns} 1-0

[Event "ICC tourney 2626 (40 10)"]
[Site "Internet Chess Club"]
[Date "2021.07.10"]
[Round "1"]
[White "Chakrabarti, Brejesh:Kochi222"]
[Black "LIU, ETHAN:soggydollar"]
[Result "1-0"]
[ICCResult "Black resigns"]
[WhiteElo "2066"]
[BlackElo "1796"]
[Opening "Réti v Dutch"]
[ECO "A96"]
[NIC "QP.11"]
[Time "11:02:21"]
[TimeControl "2400+10"]

1. Nf3 f5 2. d4 e6 3. c4 Nf6 4. Nc3 Be7 5. g3 O-O 6. Bg2 d6 7. O-O Ne4 8.
Nxe4 fxe4 9. Nd2 d5 10. e3 c6 11. Qb3 Rf7 12. f3 exf3 13. Nxf3 Nd7 14. Bd2
a5 15. Qc2 Bf6 16. e4 dxe4 17. Qxe4 Re7 18. Bc3 Qc7 19. Rae1 b6 20. Ne5 Bxe5
21. dxe5 Bb7 22. Rf4 Rf8 23. Ref1 Ref7 24. Rxf7 Rxf7 25. Rxf7 Kxf7 26. Qxh7
Nxe5 27. Qh5+ Kf6 28. Be4 g6 29. Bxe5+ Qxe5 30. Qh8+ Kf7 31. Qxe5
{Black resigns}
1-0

[Event "ICC tourney 2626 (40 10)"]
[Site "Internet Chess Club"]
[Date "2021.07.10"]
[Round "1"]
[White "GUTLA, ARYAN:Aryangambit"]
[Black "LIANG, ETHAN Y:ELCCEthan488"]
[Result "1-0"]
[ICCResult "Black checkmated"]
[WhiteElo "2070"]
[BlackElo "1842"]
[Opening "Sicilian: Pelikan, Chelyabinsk variation"]
[ECO "B33"]
[NIC "SI.37"]
[Time "11:02:27"]
[TimeControl "2400+10"]

1. e4 c5 2. Nf3 Nc6 3. d4 cxd4 4. Nxd4 Nf6 5. Nc3 e5 6. Ndb5 d6 7. Bg5 a6 8.
Na3 b5 9. Nd5 Be7 10. Bxf6 Bxf6 11. c3 O-O 12. Nc2 Bg5 13. a4 bxa4 14. Rxa4
f5 15. exf5 Ne7 16. h4 Bb7 17. Bc4 Bh6 18. Nxe7+ Kh8 19. Nd5 Rxf5 20. Nce3
Bxe3 21. Nxe3 Rf4 22. Bd5 Qb6 23. Bxb7 Qxb7 24. Rxf4 exf4 25. Qd5 Qa7 26.
Nc4 Re8+ 27. Kd1 Qxf2 28. Nxd6 Qe2+ 29. Kc1 Qe3+ 30. Kb1 Re6 31. Nf7+ Kg8
32. Ng5 Qa7 33. Qd8+ Re8 34. Qxe8# {Black checkmated} 1-0

[Event "ICC tourney 2626 (40 10)"]
[Site "Internet Chess Club"]
[Date "2021.07.10"]
[Round "1"]
[White "GANT, CHRISTOPHER JEFFREY:Baggie"]
[Black "GUILLEMETTE, HUGO:Heliosis"]
[Result "0-1"]
[ICCResult "White resigns"]
[WhiteElo "2200"]
[BlackElo "1886"]
[Opening "Nimzo-Indian: 4.e3 O-O, 5.Bd3 d5"]
[ECO "E48"]
[NIC "NI.11"]
[Time "11:02:23"]
[TimeControl "2400+10"]

1. d4 Nf6 2. c4 e6 3. Nc3 Bb4 4. e3 O-O 5. Bd3 d5 6. Ne2 dxc4 7. Bxc4 c5 8.
a3 Bxc3+ 9. bxc3 Qc7 10. Ba2 Nc6 11. O-O b6 12. Ng3 Ba6 13. Re1 cxd4 14.
cxd4 Rfd8 15. Bb2 Bb7 16. Rc1 Qd7 17. Qe2 Rac8 18. Bb1 Qe7 19. Red1 h6 20.
e4 Na5 21. e5 Nd5 22. Qd3 g6 23. Ne4 Nf4 24. Qd2 Bxe4 25. Bxe4 Qg5 26. g3
Nh3+ 27. Kg2 Qxd2 28. Rxd2 Ng5 29. Rxc8 Rxc8 30. Rc2 Rxc2 31. Bxc2 Nh7 32.
Bc1 h5 33. Bd2 Nc4 34. Bb4 Nf8 35. Bd3 b5 36. Kf3 Nd7 37. Bxc4 bxc4 38. Ke2
Nb6 39. Bc5 Nd5 40. Bxa7 Kf8 41. Bc5+ Ke8 42. a4 Kd7 43. a5 Nc7 44. Kd2 Kc6
45. Kc3 Kb5 46. Bb6 Nd5+ 47. Kc2 g5 {White resigns} 0-1

[Event "ICC tourney 2626 (40 10)"]
[Site "Internet Chess Club"]
[Date "2021.07.10"]
[Round "1"]
[White "SHAWKAT, SAIF:saif-shawkat"]
[Black "Kulkarni, Tanush:TeeKay2020"]
[Result "1-0"]
[ICCResult "Black checkmated"]
[WhiteElo "2055"]
[BlackElo "1765"]
[Opening "French: Winawer, advance variation"]
[ECO "C16"]
[NIC "FR.09"]
[Time "11:02:17"]
[TimeControl "2400+10"]

1. e4 e6 2. d4 d5 3. Nc3 Bb4 4. e5 b6 5. Qg4 Bf8 6. h4 h5 7. Qf4 Qd7 8. Nf3
Nh6 9. Nd1 Nf5 10. Ne3 Nxe3 11. Bxe3 Ba6 12. Bxa6 Nxa6 13. c3 c5 14. O-O g6
15. Ng5 Bh6 16. Qf6 O-O 17. Nh3 Bxe3 18. fxe3 Qd8 19. Qf4 Kg7 20. Qg3 Qe7
21. Rf6 Rh8 22. Raf1 Raf8 23. Ng5 Nc7 24. Nxf7 Rxf7 25. Rxf7+ Qxf7 26. Rxf7+
Kxf7 27. Qf4+ Ke8 28. Qf6 Rg8 29. e4 cxd4 30. exd5 dxc3 31. d6 Kd7 32. Qe7+
Kc6 33. Qxc7+ Kd5 34. bxc3 Kxe5 35. d7+ Kf6 36. d8=Q+ Rxd8 37. Qxd8+ Ke5 38.
Qd4+ Kf5 39. g3 e5 40. Qd7+ Kf6 41. Qxa7 e4 42. Qxb6+ Kf7 43. Kf2 e3+ 44.
Kxe3 Ke7 45. Ke4 Kd7 46. Kd5 Ke7 47. Qd6+ Kf7 48. Ke5 Kg8 49. Qc7 g5 50. g4
hxg4 51. h5 g3 52. h6 g2 53. Qg7# {Black checkmated} 1-0

[Event "ICC tourney 2626 (40 10)"]
[Site "Internet Chess Club"]
[Date "2021.07.10"]
[Round "1"]
[White "POWER, SEAN K:KnightHopper"]
[Black "MOERLIEN, PUWIT SKY:SuperBlueSky"]
[Result "1-0"]
[ICCResult "Black checkmated"]
[WhiteElo "2021"]
[BlackElo "1652"]
[Opening "Scotch game"]
[ECO "C45"]
[NIC "SO.05"]
[Time "11:02:23"]
[TimeControl "2400+10"]

1. e4 e5 2. Nf3 Nc6 3. d4 exd4 4. Nxd4 Bc5 5. Be3 Qf6 6. c3 Nge7 7. Bc4 Bb6
8. O-O d6 9. Nb5 Ba5 10. b4 a6 11. Nd4 Ne5 12. bxa5 Nxc4 13. Qa4+ Bd7 14.
Qxc4 c5 15. e5 dxe5 16. Qxc5 exd4 17. Bg5 Qe6 18. Na3 Rc8 19. Qxd4 f6 20.
Rfe1 Qg4 21. Bf4 Bc6 22. Rxe7+ Kxe7 23. Bd6+ Kd7 24. Qxg4+ Kxd6 25. Rd1+ Ke7
26. Qxg7+ Ke6 27. Nc4 Rhg8 28. Rd6+ Kf5 29. Qxf6+ Kg4 30. Ne3+ Kh5 31. Qh6#
{Black checkmated}
1-0

[Event "ICC tourney 2626 (40 10)"]
[Site "Internet Chess Club"]
[Date "2021.07.10"]
[Round "1"]
[White "YERRA, SAI SNEHA:saisneha"]
[Black "Volkov, Sergey:Volkov"]
[Result "0-1"]
[ICCResult "White forfeits on time"]
[WhiteElo "1950"]
[BlackElo "2607"]
[Opening "QGD Slav defense: exchange variation"]
[ECO "D13"]
[NIC "SL.01"]
[Time "11:02:19"]
[TimeControl "2400+10"]

1. d4 d5 2. c4 c6 3. cxd5 cxd5 4. Nc3 Nc6 5. Nf3 Nf6 6. Bf4 Nh5 7. Bg3 Nxg3
8. hxg3 g6 9. e3 Bg7 10. Bd3 O-O 11. Qb3 e6 12. O-O Bd7 13. Rac1 Qe7 14.
Qxb7 Rab8 15. Qa6 Rb6 16. Qa3 Qxa3 17. bxa3 Na5 18. Rb1 Rc8 19. Ne2 Rxb1 20.
Rxb1 Bf8 21. Ne5 Be8 22. Ba6 Rd8 23. Nc3 Bxa3 24. Nb5 Be7 25. Nxa7 Kf8 26.
Bb5 Rb8 27. a4 f6 28. Nf3 Ra8 29. Bxe8 Kxe8 30. Nb5 Kd7 31. Nd2 h5 32. Rc1
Nc6 33. Ra1 Na5 34. Kf1 Rc8 35. Ke2 Rc2 36. Kd3 Rxd2+ 37. Kxd2 Nb3+ 38. Kc3
Nxa1 39. Kb2 Bb4 40. Kxa1 Be1 41. f3 Bxg3 42. a5 f5 {White forfeits on time}
0-1

[Event "ICC tourney 2626 (40 10)"]
[Site "Internet Chess Club"]
[Date "2021.07.10"]
[Round "1"]
[White "XIE, YULE:OctopusYule"]
[Black "TURCOTTE,JONATHAN:JonnyTurgi"]
[Result "1/2-1/2"]
[ICCResult "Game drawn by mutual agreement"]
[WhiteElo "1845"]
[BlackElo "2091"]
[Opening "Caro-Kann: classical, Spassky variation"]
[ECO "B19"]
[NIC "CK.12"]
[Time "11:02:23"]
[TimeControl "2400+10"]

1. e4 c6 2. d4 d5 3. Nc3 dxe4 4. Nxe4 Bf5 5. Ng3 Bg6 6. h4 h6 7. Nf3 Nd7 8.
h5 Bh7 9. Bd3 Bxd3 10. Qxd3 e6 11. Bd2 Ngf6 12. O-O-O Be7 13. Ne4 Nxe4 14.
Qxe4 Nf6 15. Qd3 c5 16. Ne5 O-O 17. g4 Qxd4 18. Qxd4 cxd4 19. g5 Ne4 20.
gxh6 Nxd2 21. hxg7 Kxg7 22. Rdg1+ Kh6 23. Kxd2 Bg5+ 24. Kd3 Rad8 25. Ng4+
Kh7 26. Ne5 Bf6 27. Ng4 Bh8 28. f4 Rd5 29. Nh2 Rxh5 30. Nf3 Rxh1 31. Rxh1+
Kg6 32. Nxd4 Rd8 33. c3 Bxd4 34. cxd4 Kf5 35. Rh7 Kg6 36. Rh2 Kf5 37. Rh7
Rd7 38. Ke3 Kg6 39. Rh2 Kf5 40. Rh5+ Kf6 41. Rb5 b6
{Game drawn by mutual agreement}
1/2-1/2

[Event "ICC tourney 2626 (40 10)"]
[Site "Internet Chess Club"]
[Date "2021.07.10"]
[Round "1"]
[White "Gaw, Chloe:HarleyQueen8"]
[Black "SAMADASHVILI, MARTHA:ponytailchess"]
[Result "0-1"]
[ICCResult "White checkmated"]
[WhiteElo "1900"]
[BlackElo "2312"]
[Opening "Nimzo-Indian: classical, Adorjan gambit"]
[ECO "E32"]
[NIC "NI.20"]
[Time "11:02:28"]
[TimeControl "2400+10"]

1. d4 Nf6 2. c4 e6 3. Nc3 Bb4 4. Qc2 O-O 5. a3 Bxc3+ 6. Qxc3 b5 7. cxb5 c6
8. bxc6 Nxc6 9. Nf3 Bb7 10. Bg5 Rc8 11. Qd2 Na5 12. Bxf6 gxf6 13. Qd3 Nc4
14. e3 Qb6 15. b3 Nxa3 16. Ra2 Rc1+ 17. Kd2 Rfc8 18. h4 Nb1+ 19. Ke2 Nc3+
20. Kd2 Rd1+ 21. Kc2 Rxd3 22. Bxd3 Nxa2+ 23. Kb2 Nb4 24. Bb1 Qc7 25. Ka3
Qa5+ 26. Kb2 Nd5 27. h5 Qc3+ 28. Ka2 Rc6 29. Bd3 Nb4+ 30. Ka3 Nxd3 31. Ka4
Qb4# {White checkmated} 0-1

[Event "ICC tourney 2626 (40 10)"]
[Site "Internet Chess Club"]
[Date "2021.07.10"]
[Round "1"]
[White "CHUBAKOV, SULTAN:schubakov"]
[Black "LIU, PATRICK PEIJUN:JunlinTheWorld"]
[Result "1-0"]
[ICCResult "Black checkmated"]
[WhiteElo "2100"]
[BlackElo "1851"]
[Opening "Grünfeld: Stockholm variation"]
[ECO "D80"]
[NIC "GI.03"]
[Time "11:02:19"]
[TimeControl "2400+10"]

1. d4 Nf6 2. c4 g6 3. Nc3 d5 4. Bg5 Ne4 5. Bh4 Nxc3 6. bxc3 c5 7. e3 Bg7 8.
Nf3 O-O 9. cxd5 cxd4 10. cxd4 Qxd5 11. Be2 Nc6 12. O-O b6 13. Nd2 Bb7 14.
Bf3 Qd7 15. Rc1 e5 16. Qa4 Rfc8 17. d5 Nb8 18. Rxc8+ Qxc8 19. Rd1 Nd7 20.
Ne4 Nc5 21. Nxc5 Qxc5 22. d6 Bxf3 23. gxf3 f6 24. d7 Qc7 25. Qb3+ Kh8 26.
Qe6 Qd8 27. Rc1 g5 28. Rc8 gxh4 29. Rxd8+ Rxd8 30. Qe8+ Rxe8 31. dxe8=Q+ Bf8
32. Qxf8# {Black checkmated} 1-0

[Event "ICC tourney 2626 (40 10)"]
[Site "Internet Chess Club"]
[Date "2021.07.10"]
[Round "1"]
[White "Higgins, Sean M:higg1921"]
[Black "FAULKS, ANTHONY:BlackKnight8020"]
[Result "1-0"]
[ICCResult "Black resigns"]
[WhiteElo "1441"]
[BlackElo "1967"]
[Opening "King's pawn opening"]
[ECO "B07"]
[NIC "VO.17"]
[Time "11:02:16"]
[TimeControl "2400+10"]

1. e4 d6 2. d4 c6 3. Nc3 Qc7 4. Be3 Nf6 5. f4 e5 6. h3 Nbd7 7. Nf3 Be7 8.
Bd3 h6 9. O-O O-O 10. Qe1 Re8 11. Qf2 exd4 12. Bxd4 Nc5 13. Bxc5 dxc5 14. e5
Nd5 15. Nxd5 cxd5 16. c3 Bd7 17. Kh1 a6 18. Rad1 Rad8 19. f5 Bb5 20. Bxb5
axb5 21. f6 Bf8 22. Qh4 g6 23. Rd2 Re6 24. Rfd1 Qc6 25. Qf4 Kh7 26. Rd3 Qd7
27. Qd2 Ra6 28. a3 b4 29. cxb4 cxb4 30. axb4 Rb6 31. Rxd5 Qxd5 32. Qxd5 Rxd5
33. Rxd5 Rxb4 34. Rd8 Kg8 35. e6 fxe6 36. Ne5 Rxb2 37. Nd7 b5 38. Rxf8+ Kh7
39. Rf7+ Kh8 40. Re7 b4 41. f7 Rf2 42. f8=Q+ Rxf8 43. Nxf8 b3 44. Rb7 Kg8
45. Nxe6 {Black resigns} 1-0

[Event "ICC tourney 2626 (40 10)"]
[Site "Internet Chess Club"]
[Date "2021.07.10"]
[Round "1"]
[White "MAHESHWARI, JAYANT:cooljay"]
[Black "Kousen, Kenneth A:kenkousen"]
[Result "1-0"]
[ICCResult "Black resigns"]
[WhiteElo "1977"]
[BlackElo "1479"]
[Opening "Scandinavian (center counter) defense"]
[ECO "B01"]
[NIC "SD.01"]
[Time "11:02:16"]
[TimeControl "2400+10"]

1. e4 d5 2. exd5 Qxd5 3. Nc3 Qa5 4. d4 Nf6 5. Nf3 c6 6. Bc4 Bf5 7. Ne5 e6 8.
g4 Bg6 9. h4 Nbd7 10. Qe2 Nxe5 11. dxe5 Ne4 12. Bd2 Nxd2 13. Kxd2 Bb4 14.
Rh3 O-O-O+ 15. Kc1 h6 16. h5 Bh7 17. a3 Rd7 18. Kb1 Bxc3 19. Rxc3 Rhd8 20.
b4 Qb6 21. f4 Qd4 22. Qf3 Be4 23. Qg3 Kb8 24. Kb2 Qd2 25. Re1 Rd4 26. f5 Bd5
27. Rd3 Rxd3 28. Bxd3 Qg2 29. Qxg2 Bxg2 30. Rg1 Bd5 31. f6 gxf6 32. exf6 Rg8
33. g5 hxg5 34. h6 Rh8 35. h7 Kc7 36. Rxg5 {Black resigns} 1-0

[Event "ICC tourney 2626 (40 10)"]
[Site "Internet Chess Club"]
[Date "2021.07.10"]
[Round "1"]
[White "MAR, RACHAEL YUNXI:KittiesRock18"]
[Black "HEBDEN, MARK L:mhebden"]
[Result "0-1"]
[ICCResult "White forfeits on time"]
[WhiteElo "1935"]
[BlackElo "2503"]
[Opening "Scotch: Schmidt variation"]
[ECO "C45"]
[NIC "SO.03"]
[Time "11:02:17"]
[TimeControl "2400+10"]

1. e4 e5 2. Nf3 Nc6 3. d4 exd4 4. Nxd4 Nf6 5. Nc3 Bb4 6. Nxc6 bxc6 7. Bd3
O-O 8. O-O d5 9. exd5 cxd5 10. Bg5 c6 11. a3 Be7 12. Qf3 a5 13. Rfe1 Be6 14.
Bf5 Bxf5 15. Qxf5 h6 16. Bh4 Re8 17. Rad1 Nd7 18. Bxe7 Rxe7 19. Qf4 Nf6 20.
Na4 Raa7 21. Nc5 Rxe1+ 22. Rxe1 Re7 23. Qd2 Ng4 24. Nd3 Rxe1+ 25. Qxe1 Qc7
26. g3 c5 27. Qe8+ Kh7 28. Qb5 c4 29. Nf4 Qa7 30. Nh3 Qd4 31. Qxa5 Qd1+ 32.
Kg2 Qxc2 33. Qc3 Qe4+ 34. Qf3 f5 35. Nf4 d4 36. Nd5 Ne5 37. Qxe4 fxe4 38.
Nb4 c3 39. bxc3 dxc3 40. Kf1 Nc4 41. Ke1 Nxa3 42. Kd1 Kg6 43. Nd5 Nb5 44.
Kc2 Kf5 45. h3 e3 {White forfeits on time} 0-1

[Event "ICC tourney 2626 (40 10)"]
[Site "Internet Chess Club"]
[Date "2021.07.10"]
[Round "1"]
[White "CHEN, JUSTIN:justinchess"]
[Black "POTHURI, ABHIRAM SAI:chessasp"]
[Result "1-0"]
[ICCResult "Black checkmated"]
[WhiteElo "2383"]
[BlackElo "1927"]
[Opening "English: symmetrical variation"]
[ECO "A38"]
[NIC "EO.26"]
[Time "11:02:21"]
[TimeControl "2400+10"]

1. Nf3 c5 2. c4 Nf6 3. Nc3 Nc6 4. g3 g6 5. Bg2 Bg7 6. d4 cxd4 7. Nxd4 O-O 8.
O-O Ng4 9. e3 Nge5 10. b3 d6 11. Bb2 Bd7 12. h3 Rc8 13. f4 Nxd4 14. exd4 Nc6
15. d5 Nd4 16. Kh2 b5 17. Nxb5 Nxb5 18. Bxg7 Kxg7 19. cxb5 Bxb5 20. Re1 Qd7
21. a4 Ba6 22. Rc1 Kg8 23. Qd4 Rfe8 24. b4 Rxc1 25. Rxc1 Rc8 26. Rc6 Bb7 27.
Rxc8+ Bxc8 28. Qc4 Bb7 29. b5 h5 30. a5 Qf5 31. Be4 Qf6 32. a6 Ba8 33. Qc8+
Kg7 34. Qxa8 Qd4 35. Bg2 h4 36. Qc6 hxg3+ 37. Kxg3 Qe3+ 38. Kh2 Qxf4+ 39.
Kh1 Qd4 40. Qc1 f5 41. Qg1 Qh4 42. Qxa7 f4 43. Qd4+ Kh7 44. Qe4 Qf2 45.
Qxe7+ Kh6 46. Qe4 g5 47. Qe6+ Kh7 48. Qe7+ Kh6 49. Qf8+ Kh5 50. Qh8+ Kg6 51.
Qc3 Kh5 52. Qf3+ Qxf3 53. Bxf3+ Kh4 54. a7 Kg3 55. a8=Q Kxf3 56. b6 Kg3 57.
b7 f3 58. b8=Q f2 59. Qxd6+ Kh4 60. Qh8# {Black checkmated} 1-0

[Event "ICC tourney 2626 (40 10)"]
[Site "Internet Chess Club"]
[Date "2021.07.10"]
[Round "1"]
[White "Jin, Xiaodong:SuperWJ"]
[Black "FILIPOVICH, DAVID MICHAEL:dmfcan"]
[Result "0-1"]
[ICCResult "White resigns"]
[WhiteElo "1860"]
[BlackElo "2150"]
[Opening "Modern defense"]
[ECO "A40"]
[NIC "QO.17"]
[Time "11:02:19"]
[TimeControl "2400+10"]

1. d4 g6 2. c4 Bg7 3. e4 Nc6 4. Nf3 e5 5. dxe5 Nxe5 6. Nxe5 Bxe5 7. Be2 d6
8. Nc3 Nf6 9. Bh6 c5 10. Bg7 Rg8 11. Bh6 Bxc3+ 12. bxc3 Nxe4 13. O-O Nxc3
14. Qd2 Nxe2+ 15. Qxe2+ Qe7 16. Qb2 Be6 17. Rfe1 O-O-O 18. Rab1 Qc7 19. Qc3
d5 20. cxd5 Rxd5 21. Be3 Rgd8 22. Rbc1 b6 23. a4 Rd3 24. Qf6 Qd7 25. Qf3 Bd5
26. Qg3 Bc6 27. a5 Rd1 28. h3 Rxe1+ 29. Rxe1 Qd5 30. axb6 axb6 31. Bf4 Kb7
32. f3 Re8 33. Rc1 f6 34. h4 Re7 35. Kh2 g5 36. hxg5 Rg7 37. Be3 fxg5 38.
Ra1 h5 39. Qf2 Qe5+ 40. Qg3 Qxa1 41. Bxg5 Qd4 42. f4 Qd5 43. Kh3 c4
{White resigns}
0-1

[Event "ICC tourney 2626 (40 10)"]
[Site "Internet Chess Club"]
[Date "2021.07.10"]
[Round "1"]
[White "YE, STEPHEN:Monkeee"]
[Black "LI, EDWARD:ScoutViolet"]
[Result "0-1"]
[ICCResult "White resigns"]
[WhiteElo "1980"]
[BlackElo "1607"]
[Opening "QGD: classical variation (5.Bf4)"]
[ECO "D31"]
[NIC "QP.08"]
[Time "11:02:24"]
[TimeControl "2400+10"]

1. d4 d5 2. c4 e6 3. Nc3 Be7 4. Nf3 Nf6 5. Bf4 c6 6. e3 O-O 7. Bd3 b6 8. O-O
Nbd7 9. h3 dxc4 10. Bxc4 Bb7 11. Qe2 b5 12. Bb3 a6 13. Rfd1 Qb6 14. a4 Rac8
15. Ne5 Rfd8 16. g4 Nxe5 17. Bxe5 Nd7 18. Bg3 bxa4 19. Bxa4 c5 20. d5 Nf6
21. dxe6 Qxe6 22. f3 Nd5 23. e4 Nb4 24. Rxd8+ Rxd8 25. Rd1 c4 26. Bc2 Rxd1+
27. Qxd1 Bc5+ 28. Kg2 Nxc2 29. Qxc2 Qd7 30. Ne2 Qd3 31. Qxd3 cxd3 32. Nc3 a5
33. Bf4 Ba6 34. Bd2 Bd4 35. Nd1 a4 36. Kf1 Bc4 37. Ke1 Bb3 38. Nc3 Kf8 39.
Bc1 a3 40. bxa3 Bxc3+ 41. Bd2 Bd4 42. Bb4+ Ke8 43. Kd2 Bc2 44. a4 Kd7 45. f4
f6 46. Bf8 g6 47. Bg7 Ke7 48. g5 Bxa4 49. Kxd3 Ba1 50. h4 Kf7 51. Bh8 Bc6
52. Ke3 Bc3 53. Kf3 Bxe4+ 54. Kxe4 f5+ 55. Kd5 Bxh8 56. Kc4 Ke6 57. Kd3 Kd5
58. Ke3 Kc4 59. Kf3 Kd4 60. Kg3 Ke4 61. h5 gxh5 62. Kh4 Kxf4 63. Kxh5 Bg7
{White resigns}
0-1

[Event "ICC tourney 2626 (40 10)"]
[Site "Internet Chess Club"]
[Date "2021.07.10"]
[Round "1"]
[White "CRG, Krishna:crg"]
[Black "OBERAI, VIKRAM:vober6"]
[Result "1-0"]
[ICCResult "Black resigns"]
[WhiteElo "2577"]
[BlackElo "1945"]
[Opening "Queen's pawn game"]
[ECO "D02"]
[NIC "QP.08"]
[Time "11:02:24"]
[TimeControl "2400+10"]

1. d4 d5 2. Nf3 e6 3. c4 c6 4. g3 Bd6 5. Nc3 f5 6. Bg2 Nf6 7. O-O O-O 8. b3
Ne4 9. Bb2 b6 10. Qc2 Bb7 11. e3 Nd7 12. Ne2 Rc8 13. Nf4 Qe7 14. Qe2 e5 15.
dxe5 Nxe5 16. cxd5 Nxf3+ 17. Bxf3 cxd5 18. Rfd1 Bxf4 19. exf4 Rfe8 20. Rac1
Qf7 21. Rxc8 Rxc8 22. Qd3 Qe7 23. Re1 Qc5 24. Re2 Kf7 25. Bh5+ Kg8 26. Bf3
Kf7 27. Kg2 g6 28. h4 Rc7 29. h5 Rc8 30. Ba1 Rc7 31. Be5 Rc8 32. hxg6+ hxg6
33. Bb2 a5 34. g4 Ke6 35. gxf5+ gxf5 36. Bxe4 Rg8+ 37. Kh2 dxe4 38. Qh3 Rg6
39. Qh7 Rg2+ 40. Kxg2 e3+ 41. Qxb7 {Black resigns} 1-0

[Event "ICC tourney 2626 (40 10)"]
[Site "Internet Chess Club"]
[Date "2021.07.10"]
[Round "1"]
[White "SRIRAM, SHRAVAN:chickenlord999"]
[Black "REVESZ, GREGORY:GRevesz"]
[Result "0-1"]
[ICCResult "White checkmated"]
[WhiteElo "1577"]
[BlackElo "1979"]
[Opening "Queen's pawn: Charlick (Englund) gambit"]
[ECO "A40"]
[NIC "QO.17"]
[Time "11:02:25"]
[TimeControl "2400+10"]

1. d4 e5 2. d5 f5 3. e4 d6 4. Nc3 Nf6 5. Bg5 h6 6. Bxf6 Qxf6 7. Qh5+ g6 8.
Qf3 a5 9. Bb5+ c6 10. dxc6 bxc6 11. exf5 Bd7 12. O-O-O gxf5 13. Ba4 Ra6 14.
Nge2 Rb6 15. Rhe1 Rg8 16. Nf4 Qg5 17. Qe3 Rb7 18. g3 Be7 19. h4 Qf6 20. Nh5
Qf7 21. Qxh6 Bf8 22. Nf6+ Kd8 23. Qh7 Rg7 24. Qh6 Rg6 25. Qd2 Qxf6 26. f4 e4
27. Bb3 Rxg3 28. Ne2 Bg7 29. Qxa5+ Kc8 30. Nxg3 Qxb2+ 31. Kd2 Rb5 32. Qa4
Qc3+ 33. Kc1 Qxg3 34. Rg1 Qxf4+ 35. Kb1 Qe5 36. Kc1 Qa1+ 37. Kd2 Qc3+ 38.
Kc1 e3 39. Rxg7 Qa1# {White checkmated} 0-1

[Event "ICC tourney 2626 (40 10)"]
[Site "Internet Chess Club"]
[Date "2021.07.10"]
[Round "1"]
[White "PRIYADARSHI, VED:ved2006"]
[Black "HU, ALEXANDER C:ahu1015"]
[Result "0-1"]
[ICCResult "White resigns"]
[WhiteElo "1706"]
[BlackElo "2024"]
[Opening "King's Indian: London system"]
[ECO "A48"]
[NIC "QP.06"]
[Time "11:02:17"]
[TimeControl "2400+10"]

1. d4 Nf6 2. Nf3 g6 3. Bf4 d5 4. e3 Bg7 5. h3 O-O 6. Be2 c5 7. c3 Nc6 8.
Nbd2 Qb6 9. Qb3 c4 10. Qxb6 axb6 11. b3 b5 12. O-O Bf5 13. Rfc1 Ra7 14. g4
Bd7 15. Ne5 Nxe5 16. dxe5 Ne8 17. Nf3 Nc7 18. Nd4 Rfa8 19. Rc2 Ne6 20. Nxe6
cxb3 21. Rb2 Rxa2 22. Rab1 Rxb2 23. Rxb2 Ra2 24. Rxb3 Rxe2 25. Nd4 Re1+ 26.
Kh2 f6 27. e6 Bc6 28. Nxb5 g5 29. Bc7 d4 30. Nxd4 Bd5 31. Ra3 Rh1+ 32. Kg3
Rg1+ 33. Kh2 Rg2+ 34. Kh1 h5 35. f3 Rd2 36. e4 Bc4 37. Ra1 hxg4 38. hxg4 b5
39. Rb1 Bd3 40. Rb4 Bf8 41. Kg1 Bc4 42. Nxb5 Bxb5 43. Rxb5 Rd3 44. Ba5 Rxf3
45. Kg2 Rf4 46. c4 Rxe4 47. c5 Rxe6 48. Kf3 Re5 49. Bc3 Rd5 50. Ke4 e6 51.
Bxf6 Bxc5 52. Be5 Kf7 53. Rb7+ Be7 54. Bd4 Ra5 55. Ke3 e5 56. Bb6 Rb5 57.
Rb8 Rxb6 58. Rxb6 Bc5+ 59. Ke4 Bxb6 60. Kxe5 Kg6 61. Ke6 Be3 62. Ke5 Kf7 63.
Kf5 Ke7 64. Ke5 Bf4+ 65. Kf5 Kd6 66. Ke4 Kc5 {White resigns} 0-1

[Event "ICC tourney 2626 (40 10)"]
[Site "Internet Chess Club"]
[Date "2021.07.10"]
[Round "2"]
[White "Volkov, Sergey:Volkov"]
[Black "POWER, SEAN K:KnightHopper"]
[Result "1-0"]
[ICCResult "Black resigns"]
[WhiteElo "2607"]
[BlackElo "2021"]
[Opening "QGD Slav defense"]
[ECO "D10"]
[NIC "SL.01"]
[Time "13:16:40"]
[TimeControl "2400+10"]

1. d4 d5 2. c4 c6 3. e3 Nf6 4. Bd3 e6 5. Nd2 Nbd7 6. Ngf3 dxc4 7. Nxc4 b5 8.
Nce5 Nxe5 9. Nxe5 Bb7 10. O-O Bd6 11. Qc2 Qb6 12. Bd2 c5 13. dxc5 Bxc5 14.
Ba5 Qd6 15. Bxb5+ Kf8 16. Nd3 Ne4 17. Nxc5 Nxc5 18. Bb4 Rc8 19. Rfc1 Qd5 20.
Bxc5+ Kg8 {Black resigns} 1-0

[Event "ICC tourney 2626 (40 10)"]
[Site "Internet Chess Club"]
[Date "2021.07.10"]
[Round "2"]
[White "CAO, TIMOTHY:tcao"]
[Black "ERANKI, PRADYUMN:prady2008"]
[Result "1-0"]
[ICCResult "Black resigns"]
[WhiteElo "2065"]
[BlackElo "578"]
[Opening "Giuoco Piano"]
[ECO "C50"]
[NIC "IG.02"]
[Time "13:16:39"]
[TimeControl "2400+10"]

1. e4 e5 2. Nf3 Nc6 3. Bc4 Bc5 4. O-O Nf6 5. d3 d6 6. c3 h6 7. Re1 O-O 8. b4
Bb6 9. a4 a5 10. b5 Ne7 11. d4 exd4 12. cxd4 Bg4 13. Bb2 d5 14. exd5 Nexd5
15. h3 Bxf3 16. Qxf3 Nb4 17. Qb3 Bxd4 18. Rd1 Bxf2+ 19. Kxf2 Ne4+ 20. Kg1
Qh4 21. Qf3 Ng5 22. Qc3 Ne6 23. Bxe6 Qf6 24. Qxf6 gxf6 25. Bf5 Rad8 26. Nc3
Rxd1+ 27. Rxd1 c6 28. Ne4 Rb8 29. Nxf6+ Kf8 30. Nd7+ {Black resigns} 1-0